 Dungeon Crawl Stone Soup version 0.23.0 (webtiles) character file.

Game seed: 10598691155409379016

380471 vishdafish the Impaler (level 21, -4/171 HPs)
             Began as a Demonspawn Berserker on Feb 17, 2019.
             Was the Champion of Trog.
             Killed by the air
             ... invoked by a titan
              (27 damage)
             ... on level 5 of the Vaults.
             The game lasted 01:50:05 (36200 turns).

vishdafish the Impaler (Demonspawn Berserker)      Turns: 36200, Time: 01:50:05

Health: -4/171     AC: 42    Str: 28    XL:     21   Next: 54%
Magic:  0/25       EV: 15    Int: 23    God:    Trog [******]
Gold:   808        SH: 22    Dex: 12    Spells: 20/20 levels left

rFire    + + .     SeeInvis +   F - +9 demon trident (freeze)
rCold    . . .     Gourm    .   d - +3 shield {rN+}
rNeg     + . .     Faith    .   L - +7 chain mail of the Butterfly {*Contam +Blink rElec}
rPois    .         Spirit   +   O - +2 hat
rElec    +         Reflect  +   J - +1 cloak of the Orb {rCorr Str+8 Stlth-}
rCorr    +         Harm     .   S - +2 pair of gloves
MR       +....                  R - +1 pair of boots "Joodal" {rElec Regen+ Int+4 Stlth+}
Stlth    ..........             W - +4 amulet of reflection
HPRegen  0.78/turn              E - +5 ring of protection
MPRegen  0.19/turn              I - ring of protection from fire

@: about to teleport, marked
A: horns 2, iridescent scales 3, see invisible, clever 1, demonic guardian 2,
fire resistance 1, augmentation 2, magic shield
}: 3/15 runes: serpentine, barnacled, silver
a: Berserk, Trog's Hand, Brothers in Arms, Renounce Religion, Evoke Blink


You were on level 5 of the Vaults.
You worshipped Trog.
Trog was exalted by your worship.
You were hungry.

You visited 6 branches of the dungeon, and saw 36 of its levels.
You also visited: Sewer, Bailey, Gauntlet, Ice Cave and Volcano.

You collected 4045 gold pieces.
You spent 3237 gold pieces at shops.

Inventory:

Hand Weapons
 F - a +9 demon trident of freezing (weapon)
Missiles
 i - 5 throwing nets (quivered)
Armour
 d - a +3 shield of positive energy (worn)
 J - the +1 cloak of the Orb (worn) {rCorr Str+8 Stlth-}
   (You found it on level 9 of the Dungeon)

   It affects your strength (+8).
   It provides partial protection from all sources of acid and corrosion.
   It makes you less stealthy.
 L - the +7 chain mail of the Butterfly (worn) {*Contam +Blink rElec}
   (You took it off a minotaur in a Gauntlet)

   It insulates you from electricity.
   It lets you blink.
   It causes magical contamination when unequipped.
 O - a +2 hat (worn)
 R - the +1 pair of boots "Joodal" (worn) {rElec Regen+ Int+4 Stlth+}
   (You found it on level 3 of the Snake Pit)

   It affects your intelligence (+4).
   It insulates you from electricity.
   It increases your rate of regeneration.
   It makes you more stealthy.
 S - a +2 pair of gloves (worn)
 V - +4 fire dragon scales {Xtahua}
Jewellery
 c - a cursed ring of attention {unknown}
 h - an uncursed ring of positive energy
 q - a +3 ring of slaying
 w - an uncursed ring of protection from cold
 A - a +4 ring of slaying
 E - a +5 ring of protection (left hand)
 I - a ring of protection from fire (right hand)
 W - a +4 amulet of reflection (around neck)
Wands
 u - a wand of acid (2)
 H - a wand of digging (12)
 Q - a wand of iceblast (24)
 X - a wand of paralysis (11)
Scrolls
 a - 3 scrolls of identify
 e - 7 scrolls of fear
 f - 5 scrolls of enchant weapon
 n - 15 scrolls of teleportation
 r - 9 scrolls of fog
 s - 7 scrolls of immolation
 v - 11 scrolls of remove curse
 x - 3 scrolls of summoning
 B - 5 scrolls of enchant armour
 C - 4 scrolls of magic mapping
 D - a scroll of torment
 U - 7 scrolls of blinking
Potions
 b - a potion of experience
 g - 7 potions of curing
 j - 9 potions of flight
 k - 2 potions of ambrosia
 l - 3 potions of agility
 p - 7 potions of berserk rage
 t - 6 potions of brilliance
 y - 2 potions of magic
 z - 8 potions of resistance
 G - 4 potions of haste
 K - 2 potions of invisibility
 M - 7 potions of might
 N - 4 potions of mutation
 P - 2 potions of cancellation
 T - 2 potions of lignification
Miscellaneous
 Z - a lightning rod (4/4)
Comestibles
 m - 33 rations


   Skills:
 + Level 16.3 Fighting
 * Level 20.2 Polearms
 + Level 15.0 Armour
 - Level 12.1 Dodging
 + Level 16.6 Shields
 - Level 6.0 Evocations


You had 20 spell levels left.
You didn't know any spells.
Your spell library contained the following spells:

 Spells                   Type           Power        Failure   Level  Hunger
 Beastly Appendage        Tmut           #.....       47%         1    ##.....
 Corona                   Hex            #......      47%         1    ##.....
 Flame Tongue             Conj/Fire      #....        47%         1    ##.....
 Freeze                   Ice            #...         47%         1    ##.....
 Shock                    Conj/Air       #...         47%         1    ##.....
 Summon Small Mammal      Summ           #...         47%         1    ##.....
 Blink                    Tloc           N/A          63%         2    ###....
 Call Imp                 Summ           #.......     63%         2    ###....
 Ensorcelled Hibernation  Hex/Ice        #.....       63%         2    ###....
 Passwall                 Tmut/Erth      #.......     63%         2    ###....
 Searing Ray              Conj           #.....       63%         2    ###....
 Shroud of Golubria       Chrm/Tloc      #.........   63%         2    ###....
 Slow                     Hex            #.......     63%         2    ###....
 Sticks to Snakes         Tmut           #.......     63%         2    ###....
 Throw Flame              Conj/Fire      #.....       63%         2    ###....
 Throw Frost              Conj/Ice       #.....       63%         2    ###....
 Call Canine Familiar     Summ           #.......     85%         3    ####...
 Confuse                  Hex            #.......     85%         3    ####...
 Conjure Flame            Conj/Fire      #.......     85%         3    ####...
 Dazzling Spray           Conj/Hex       #.....       85%         3    ####...
 Gell's Gravitas          Tloc           #.........   85%         3    ####...
 Inner Flame              Hex/Fire       #.......     85%         3    ####...
 Lesser Beckoning         Tloc           #.........   85%         3    ####...
 Ozocubu's Armour         Chrm/Ice       #.......     85%         3    ####...
 Portal Projectile        Hex/Tloc       #.....       85%         3    ####...
 Spider Form              Tmut/Pois      #.........   85%         3    ####...
 Stone Arrow              Conj/Erth      #.....       85%         3    ####...
 Summon Guardian Golem    Hex/Summ       #.......     85%         3    ####...
 Teleport Other           Tloc           #.......     85%         3    ####...
 Tukima's Dance           Hex            #.......     85%         3    ####...
 Cause Fear               Hex            #.........   99%         4    #####..
 Ice Form                 Ice/Tmut       #.......     99%         4    #####..
 Leda's Liquefaction      Hex/Erth       #.........   99%         4    #####..
 Passage of Golubria      Tloc           N/A          99%         4    #####..
 Sticky Flame             Conj/Fire      #.......     99%         4    #####..
 Summon Ice Beast         Ice/Summ       #.......     99%         4    #####..
 Summon Lightning Spire   Summ/Air       #.......     99%         4    #####..
 Throw Icicle             Conj/Ice       #.......     99%         4    #####..
 Blade Hands              Tmut           #.........   100%        5    ######.
 Bolt of Magma            Conj/Fire/Erth #.........   100%        5    ######.
 Fireball                 Conj/Fire      #.........   100%        5    ######.
 Iskenderun's Battlesphe  Conj/Chrm      #.......     100%        5    ######.
 Venom Bolt               Conj/Pois      #.........   100%        5    ######.
 Yara's Violent Unravell  Hex/Tmut       #.........   100%        5    ######.
 Bolt of Fire             Conj/Fire      #.........   100%        6    #######
 Conjure Ball Lightning   Conj/Air       #.........   100%        6    #######
 Iron Shot                Conj/Erth      #.........   100%        6    #######
 Dragon Form              Tmut           #.........   100%        7    #######
 Orb of Destruction       Conj           #.........   100%        7    #######
 Spellforged Servitor     Conj/Summ      #.........   100%        7    #######
 Dragon's Call            Summ           #.........   100%        9    #######


Dungeon Overview and Level Annotations

Branches:
Dungeon (15/15)            Temple (0/1) D:7            Lair (6/6) D:9
 Shoals (4/4) Lair:3        Snake (4/4) Lair:3        Slime (0/5) Lair:5
    Orc (2/2) D:9             Elf (0/3) Orc:2        Vaults (5/5) D:13
  Crypt (0/3) Vaults:2     Depths (0/5) D:15

Altars:
Ashenzari
Cheibriados
Dithmenos
Nemelex Xobeh
Beogh

Shops:
D:7 %(%?   D:11 !   D:15 ?   Orc:1 [   Orc:2 ?}[[   Shoals:3 *   Snake:2 *[
Snake:3 (   Snake:4 ?*(*   Vaults:1 :   Vaults:4 !

Portals:
Trove: Vaults:3 (give 18 scrolls of identify)

Annotations:
D:7 exclusion: ice statue
D:8 3 runed translucent doors, Kairos's ghost, novice GnSk


Innate Abilities, Weirdness & Mutations

You have a pair of horns on your head.
You are completely covered in iridescent scales. (AC +6)
A demonic guardian rushes to your aid.
Your magical and physical power is enhanced at high health.
When hurt, damage is shared between your health and your magic reserves.
You have supernaturally acute eyesight. (SInv)
Your mind is acute. (Int +2)
Your flesh is heat resistant. (rF+)


Message History

Aiming: Paralyse
Press: ? - help, Shift-Dir - straight line, f - golden dragon
Aim: a golden dragon (lightly wounded, catching its breath, chance to defeat MR: 0%)
Okay, then.
You barely miss the golden dragon.
The golden dragon is lightly wounded.
You block the golden dragon's attack.
The golden dragon claws you but does no damage.
The golden dragon tramples you but does no damage.
You impale the golden dragon!! You freeze the golden dragon.
You headbutt the golden dragon, but do no damage.
The golden dragon is heavily wounded.
The deep troll bites you!!
* * * LOW HITPOINT WARNING * * *
You block the deep troll's attack.
The deep troll claws you but does no damage.
Cornered, the orc knight turns to fight!
The titan waves its arms in wide circles.
The air twists around and strikes you!
You die...

#.#.?.)$.%}.).#.#
#.#....$/:?$....#
##.../$(.|...##
##.........## ##...!...##
###...### #....# ## #.#.#
#...C# #.#########.## #
#....##.#.#C#@#|#.#.#
.#.#...o#.#%# #D#T#.#.#.#
poe.....p..# #o#T#C#.#.#.#
##..G[[)up################
..%D%<<[3[.....
..C.<[p<)[%(T..
...%%<<)3).....
..%..[p[[).....
##.%D..)oo#####


You could see a titan, a golden dragon, an orc knight and a deep troll.

Vanquished Creatures
  An ancient lich (Vaults:5)
  Nikola (Snake:4)
  A lich (Vaults:4)
  A tentacled monstrosity (Vaults:4)
  2 quicksilver dragons (Vaults:5)
  4 titans (Vaults:5)
  Gastronok (D:10)
  Frances (Shoals:2)
  A sphinx (Vaults:5)
  Agnes (Snake:4)
  A storm dragon (Vaults:5)
  4 tengu reavers
  10 nagarajas
  13 vault wardens
  An iron dragon (Vaults:5)
  A fire giant (Vaults:3)
  4 frost giants
  2 deep elf sorcerers
  A balrug (Gauntlet)
  A curse skull (Vaults:2)
  10 ironheart preservers
  A deep elf elementalist (Vaults:5)
  A ghoul (Vaults:2)
  4 stone giants
  A war gargoyle (Vaults:5)
  An entropy weaver (Vaults:1)
  9 very ugly things
  A deep elf annihilator (Vaults:5)
  A minotaur (Gauntlet)
  A small abomination (Vaults:1)
  2 merfolk javelineers (Shoals:4)
  A fire dragon (Vaults:1)
  A deep elf death mage (Vaults:1)
  6 merfolk impalers
  2 ettins
  A deep elf high priest (Vaults:5)
  Harold (Orc:1)
  10 yaktaur captains
  A merfolk avatar (Shoals:3)
  The ghost of Qoesoec the Basher, a journeyman GrFi of Okawaru (Lair:2)
  3 ice dragons
  18 naga warriors
  2 hydras
  43 vault guards
  9 centaur warriors
  46 two-headed ogres
  2 alligator snapping turtles
  14 anacondas
  A dancing weapon (Vaults:4)
  3 catoblepae
  A queen ant (Lair:3)
  3 merfolk aquamancers
  5 death yaks (Lair:6)
  A death knight (Vaults:5)
  A vampire mage (Vaults:2)
  13 ogre magi
  Urug (Lair:5)
  A deep troll shaman (Lair:6)
  8 naga sharpshooters
  8 shock serpents
  Sonja (Lair:5)
  2 fire crabs
  A salamander mystic (Snake:4)
  2 deep elf knights (Vaults:1)
  2 flayed ghosts
  An unseen horror (D:15)
  11 sea snakes
  A skeletal warrior (Vaults:2)
  4 wizards
  A glowing orange brain (Vaults:1)
  6 deep elf archers
  Pikel (D:5)
  4 necromancers
  13 ironbrand convokers
  A lindwurm (Lair:6)
  23 harpies
  6 naga ritualists
  2 phantasmal warriors
  A stone giant zombie (Vaults:1)
  3 wolf spiders
  12 mana vipers
  11 orc knights
  8 deep elf magi
  A wolf spider zombie (D:15)
  13 manticores
  4 oklob plants (Lair:1)
  17 ugly things
  4 fauns (Shoals:4)
  13 salamanders
  14 cyclopes
  An orc sorcerer (D:15)
  15 elephants
  9 vault sentinels
  8 merfolk sirens
  2 fire giant skeletons
  Joseph (D:7)
  3 guardian serpents
  5 centaur zombies
  An ice statue (IceCv)
  18 naga magi
  38 black mambas
  3 gargoyles
  An efreet (D:13)
  2 rime drakes (Lair:4)
  3 spiny frogs
  A yaktaur zombie (Vaults:2)
  2 freezing wraiths
  3 kobold demonologists
  33 yaktaurs
  9 komodo dragons
  3 meliai (D:14)
  2 harpy zombies (D:15)
  9 trolls
  An ice devil (Gauntlet)
  A tengu conjurer (D:15)
  14 polar bears
  8 blink frogs
  4 wind drakes
  A harpy skeleton (D:15)
  Grinder (D:3)
  An ettin zombie (Vaults:2)
  3 hornets
  32 merfolk
  11 dream sheep
  14 slime creatures
  7 hippogriffs
  A centaur simulacrum (D:15)
  6 snapping turtles
  2 redbacks (Vaults:1)
  A spectral black mamba (Lair:2)
  A spriggan (shapeshifter) (Vaults:4)
  8 water elementals
  A wyvern (shapeshifter) (Vaults:2)
  5 fire bats
  A vampire (D:15)
  5 wyverns
  3 basilisks
  Grum (D:10)
  58 yaks
  A basilisk (shapeshifter) (Vaults:4)
  4 hungry ghosts
  2 golden eyes (shapeshifter)
  Menkaure (D:7)
  7 vampire mosquitoes
  3 wargs
  Edmund (D:5)
  76 nagas
  A soldier ant (shapeshifter) (Vaults:4)
  A swamp worm (shapeshifter) (Vaults:5)
  An acid dragon (D:13)
  8 soldier ants
  A hydra simulacrum (Lair:2)
  4 hell hounds
  13 water moccasins
  9 porcupines
  38 orc warriors
  8 sky beasts
  2 eyes of draining
  3 black bears
  A slave (D:5)
  3 ice beasts
  3 phantoms
  2 hornet zombies
  A black mamba simulacrum (Lair:2)
  A human zombie (Vaults:2)
  2 eyes of draining (shapeshifter)
  36 ogres
  29 wolves
  8 crocodiles
  12 centaurs
  An orc skeleton (Vaults:1)
  7 big kobolds
  Blork the orc (D:5)
  19 bullfrogs
  A spiny frog simulacrum (Lair:2)
  9 scorpions
  A dream sheep simulacrum (Lair:2)
  6 killer bees (D:13)
  4 electric eels
  9 wights
  4 howler monkeys
  A torpor snail simulacrum (Lair:2)
  5 crimson imps
  4 bullfrog zombies
  4 quasits
  A human simulacrum (Vaults:2)
  Crazy Yiuf (D:5)
  A gnoll shaman (D:5)
  7 jellies
  6 centaur skeletons
  9 orc priests
  6 hounds
  14 orc wizards
  2 bullfrog skeletons
  Jessica (D:3)
  2 iguanas
  20 worker ants
  2 big kobold zombies (Sewer)
  A hound skeleton (D:4)
  5 gnolls (D:5)
  A howler monkey skeleton (D:8)
  11 adders
  2 river rats (D:3)
  4 shadow imps (Sewer)
  4 white imps (Gauntlet)
  2 ufetubi (Sewer)
  An ooze (Sewer)
  2 adder zombies (Sewer)
  8 worms (D:3)
  A dart slug (D:1)
  4 leopard geckos
  72 orcs
  3 ball pythons
  13 bats
  A bat zombie (Sewer)
  3 giant cockroaches
  7 goblins
  10 hobgoblins
  2 jackals (D:6)
  5 quokkas
  7 frilled lizards
  A jackal zombie (D:7)
  36 kobolds
  2 kobold zombies (Sewer)
  2 leopard gecko skeletons (D:5)
  2 leopard gecko zombies (D:8)
  A quokka skeleton (D:8)
  13 rats
  A fungus (D:5)
  5 plants
1499 creatures vanquished.

Vanquished Creatures (collateral kills)
  Xtahua (Vaults:2)
  A very ugly thing (Vaults:1)
  A war gargoyle (Vaults:4)
  Snorg (Orc:2)
  An anaconda (Snake:4)
  3 two-headed ogres
  A satyr (Shoals:4)
  A deep troll (Vaults:5)
  2 fauns (Shoals:4)
  A manticore (D:12)
  A black mamba (Snake:4)
  2 spiny frogs
  A komodo dragon (Lair:3)
  A merfolk (Shoals:4)
  2 polar bears (IceCv)
  A snapping turtle (Shoals:4)
  2 dream sheep
  A hippogriff (Lair:4)
  2 blink frogs
  A yak (D:9)
  A vampire mosquito (D:13)
  A hell hound (Gauntlet)
  An orc warrior (D:9)
  3 ogres
  A centaur (D:3)
  2 bullfrogs (Lair:4)
  A big kobold (Sewer)
  A human simulacrum (Vaults:1)
  A hound (D:9)
  A hound skeleton (D:8)
  4 adders
  An ufetubus (Sewer)
  A worm (D:3)
  6 orcs
  A goblin (D:8)
  A hobgoblin (Bailey)
  A ball python (Sewer)
  3 kobolds
  A fungus (D:5)
  2 plants (Shoals:4)
61 creatures vanquished.

Vanquished Creatures (others)
  A stone giant (Vaults:3)
  A merfolk javelineer (Shoals:4)
  2 yaktaur captains
  A merfolk aquamancer (Shoals:2)
  A deep elf archer (Vaults:1)
  A deep elf mage (Vaults:1)
  A faun (Shoals:4)
  A black mamba (Snake:3)
  11 yaktaurs
  A merfolk (Shoals:4)
  An ogre (Vaults:4)
  An orc wizard (Vaults:1)
  A shadow imp (D:5)
  3 orcs
  4 fungi
  39 plants
70 creatures vanquished.

Grand Total: 1630 creatures vanquished

Notes
Turn   | Place    | Note
-------+----------+-------------------------------------------
     0 | D:1      | vishdafish the Demonspawn Berserker began the quest for the
                  | Orb.
     0 | D:1      | Reached XP level 1. HP: 18/18 MP: 1/1
   138 | D:1      | Gained mutation: You have a pair of small horns on your
                  | head. [demonic ancestry]
   138 | D:1      | Reached XP level 2. HP: 17/24 MP: 2/2
   249 | D:1      | Reached skill level 3 in Polearms
   680 | D:2      | Found a shadowy altar of Dithmenos.
   859 | D:2      | Gained mutation: A weak demonic guardian rushes to your
                  | aid. [demonic ancestry]
   859 | D:2      | Reached XP level 3. HP: 29/29 MP: 3/3
  1638 | D:3      | Reached ** piety under Trog
  1675 | D:3      | Reached XP level 4. HP: 21/35 MP: 4/4
  1728 | D:3      | Noticed a centaur
  1736 | D:3      | Killed a centaur
  1744 | D:3      | Gained mutation: You are partially covered in iridescent
                  | scales. (AC +2) [demonic ancestry]
  1744 | D:3      | Reached XP level 5. HP: 9/42 MP: 5/5
  1918 | D:3      | Reached skill level 4 in Polearms
  1939 | D:3      | HP: 2/42 [worm (2)]
  2034 | D:3      | HP: 1/42 [worm (9)]
  2108 | D:3      | Found a glowing drain.
  2143 | Sewer    | Entered a sewer
  2592 | Sewer    | Reached *** piety under Trog
  2618 | Sewer    | Found a burning altar of Makhleb.
  2638 | Sewer    | Gained mutation: You have a pair of horns on your head.
                  | [demonic ancestry]
  2638 | Sewer    | Reached XP level 6. HP: 35/48 MP: 6/6
  3044 | D:3      | Noticed Jessica
  3045 | D:3      | Killed Jessica
  3163 | D:3      | Reached skill level 1 in Shields
  3230 | D:3      | Noticed Grinder
  3231 | D:3      | Paralysed by Grinder for 7 turns
  3241 | D:3      | Killed Grinder
  3241 | D:3      | Reached skill level 5 in Polearms
  3241 | D:3      | Reached XP level 7. HP: 51/55 MP: 7/7
  3760 | D:4      | Reached **** piety under Trog
  4314 | D:5      | Entered Level 5 of the Dungeon
  4325 | D:5      | Reached XP level 8. HP: 34/61 MP: 8/8
  4343 | D:5      | Received a gift from Trog
  4359 | D:5      | HP: 3/61 [phantom (2)]
  4669 | D:5      | Reached skill level 5 in Fighting
  4961 | D:5      | Reached skill level 6 in Polearms
  5046 | D:5      | Noticed Pikel
  5076 | D:5      | Killed Pikel
  5244 | D:5      | Noticed Blork the orc
  5249 | D:5      | Killed Blork the orc
  5249 | D:5      | Gained mutation: When hurt, damage is shared between your
                  | health and your magic reserves. [demonic ancestry]
  5249 | D:5      | Reached XP level 9. HP: 55/68 MP: 9/9
  5385 | D:5      | Noticed Edmund
  5421 | D:5      | Killed Edmund
  5640 | D:5      | Found a runed translucent door.
  5641 | D:5      | Noticed Crazy Yiuf
  5847 | D:5      | Killed Crazy Yiuf
  6133 | D:6      | Reached skill level 7 in Polearms
  6186 | D:6      | Reached skill level 5 in Shields
  6488 | D:7      | Found a staircase to the Ecumenical Temple.
  6548 | D:7      | Reached skill level 5 in Armour
  6581 | D:7      | Reached skill level 5 in Dodging
  6648 | D:7      | Found Egaomaloss's Food Boutique.
  6839 | D:7      | Found Qegroi's Antique Weapon Shop.
  6864 | D:7      | Found Sobytagh's Food Emporium.
  6895 | D:7      | Noticed Menkaure
  6902 | D:7      | Killed Menkaure
  6916 | D:7      | Noticed an ice statue
  7258 | D:7      | Found Leceg's Magic Scroll Shop.
  7258 | D:7      | Noticed Joseph
  7277 | D:7      | Killed Joseph
  7280 | D:7      | Bought a scroll of magic mapping for 45 gold pieces
  7280 | D:7      | Bought a scroll of immolation for 45 gold pieces
  7280 | D:7      | Bought a scroll of identify for 26 gold pieces
  7281 | D:7      | Bought a scroll of noise for 13 gold pieces
  7282 | D:7      | Bought a scroll of fear for 45 gold pieces
  7282 | D:7      | Bought a scroll of teleportation for 39 gold pieces
  7525 | D:8      | Found a runed translucent gate.
  7526 | D:8      | Found a runed translucent gate.
  7527 | D:8      | Found a runed translucent gate.
  7527 | D:8      | Noticed an 11-headed hydra
  7527 | D:8      | Noticed a ten-headed hydra
  7527 | D:8      | Noticed Kairos's ghost (novice GnSk)
  7588 | D:8      | Found a flagged portal.
  7631 | Bailey   | Entered a bailey
  7709 | Bailey   | Reached XP level 10. HP: 77/77 MP: 8/10
  7731 | Bailey   | Reached ***** piety under Trog
  7753 | Bailey   | Reached skill level 8 in Polearms
  8690 | D:8      | Received a gift from Trog
  9157 | D:9      | Found a staircase to the Orcish Mines.
  9172 | D:9      | Got a transparent cloak
  9183 | D:9      | Identified the +1 cloak of the Orb {rCorr Str+8 Stlth-}
                  | (You found it on level 9 of the Dungeon)
  9362 | D:9      | Received a gift from Trog
  9699 | D:9      | Gained mutation: Armour fits poorly on your strangely
                  | shaped body. [potion of mutation]
  9699 | D:9      | Gained mutation: You are dopey. (Int -2) [potion of
                  | mutation]
  9699 | D:9      | Gained mutation: You passively map a small area around you.
                  | [potion of mutation]
  9699 | D:9      | Gained mutation: Your natural rate of healing is unusually
                  | fast. [potion of mutation]
  9719 | D:9      | Found a staircase to the Lair.
 10023 | D:9      | Reached skill level 9 in Polearms
 10169 | D:10     | Entered Level 10 of the Dungeon
 10169 | D:10     | Noticed Gastronok
 10180 | D:10     | Killed Gastronok
 10180 | D:10     | Gained mutation: You are mostly covered in iridescent
                  | scales. (AC +4) [demonic ancestry]
 10180 | D:10     | Reached XP level 11. HP: 84/84 MP: 11/11
 10185 | D:10     | You fall through a shaft!
 10330 | D:11     | Found Jeomofuy's Distillery.
 10337 | D:11     | Bought a potion of resistance for 130 gold pieces
 10337 | D:11     | Bought 2 potions of invisibility for 208 gold pieces
 10366 | D:11     | Found a frozen archway.
 10375 | D:11     | Noticed an ice dragon
 10405 | D:11     | Killed an ice dragon
 10437 | IceCv    | Entered an ice cave
 10613 | IceCv    | Reached skill level 10 in Polearms
 10616 | IceCv    | Lost mutation: Armour fits poorly on your strangely shaped
                  | body. [potion of mutation]
 10616 | IceCv    | Lost mutation: You passively map a small area around you.
                  | [potion of mutation]
 10616 | IceCv    | Lost mutation: Your natural rate of healing is unusually
                  | fast. [potion of mutation]
 10616 | IceCv    | Lost mutation: You are dopey. (Int -2) [potion of mutation]
 10616 | IceCv    | Gained mutation: Your flesh is heat resistant. (rF+)
                  | [potion of mutation]
 10616 | IceCv    | Gained mutation: Your mind is acute. (Int +2) [potion of
                  | mutation]
 10616 | IceCv    | Gained mutation: You have supernaturally acute eyesight.
                  | (SInv) [potion of mutation]
 11024 | IceCv    | Noticed a frost giant
 11042 | IceCv    | Reached XP level 12. HP: 50/93 MP: 7/12
 11056 | IceCv    | Killed a frost giant
 11760 | D:11     | Found a sparkling altar of Nemelex Xobeh.
 12072 | D:12     | Received a gift from Trog
 12138 | D:12     | Reached ****** piety under Trog
 12930 | D:10     | Noticed Grum
 12948 | D:10     | Killed Grum
 12985 | D:10     | Reached skill level 11 in Polearms
 13054 | D:10     | Reached skill level 10 in Shields
 13552 | D:10     | Noticed a three-headed hydra
 13559 | D:10     | Killed a three-headed hydra
 13777 | Orc:1    | Entered Level 1 of the Orcish Mines
 13777 | Orc:1    | Noticed Harold
 13797 | Orc:1    | Killed Harold
 13811 | Orc:1    | Received a gift from Trog
 13895 | Orc:1    | Found Saen Mef's Armour Boutique.
 13912 | Orc:1    | Found a roughly hewn altar of Beogh.
 14241 | Orc:2    | Entered Level 2 of the Orcish Mines
 14246 | Orc:2    | Reached XP level 13. HP: 101/101 MP: 13/13
 14470 | Orc:2    | Noticed Snorg
 14480 | Orc:2    | Killed Snorg
 14620 | Orc:2    | Reached skill level 12 in Polearms
 14642 | Orc:2    | Found Lawuc's Gadget Shoppe.
 14642 | Orc:2    | Found Cemel's Armour Boutique.
 14643 | Orc:2    | Found Ypimiuf's Magic Scroll Shop.
 14643 | Orc:2    | Found Gehoiluw's Antique Armour Shoppe.
 14663 | Orc:2    | Bought a dazzling plate armour for 812 gold pieces
 14682 | Orc:2    | Identified the +0 plate armour of the Sun {rC++ MR- Str+4}
                  | (You bought it in a shop on level 2 of the Orcish Mines)
 14774 | Orc:2    | Found a staircase to the Elven Halls.
 15057 | Lair:1   | Entered Level 1 of the Lair of Beasts
 16281 | Lair:2   | Received a gift from Trog
 16307 | Lair:2   | Found a runed translucent gate.
 16308 | Lair:2   | Found a runed translucent gate.
 16314 | Lair:2   | Found a runed translucent gate.
 16319 | Lair:2   | Noticed Qoesoec's ghost (journeyman GrFi)
 16355 | Lair:2   | Killed Qoesoec's ghost
 16355 | Lair:2   | Reached skill level 10 in Fighting
 16988 | Lair:3   | Found a dark tunnel.
 17012 | Volcano  | Entered a volcano
 17029 | Volcano  | Reached XP level 14. HP: 110/110 MP: 11/14
 17408 | Lair:3   | Found a staircase to the Snake Pit.
 17539 | Lair:3   | Received a gift from Trog
 17732 | Lair:3   | Found a staircase to the Shoals.
 18205 | Lair:4   | Found a gate leading to a gauntlet.
 18297 | Gauntlet | Entered a Gauntlet
 18297 | Gauntlet | Found a transporter.
 18306 | Gauntlet | Found a transporter.
 18308 | Gauntlet | Found a transporter.
 18375 | Gauntlet | Found a transporter.
 18466 | Gauntlet | Found a transporter.
 18467 | Gauntlet | Found a transporter.
 18468 | Gauntlet | Found a transporter.
 18482 | Gauntlet | Got a pair of faintly glowing boots
 18488 | Gauntlet | Identified the cursed +0 pair of boots of the Old World
                  | {Dex+4} (You found it in a Gauntlet)
 18505 | Gauntlet | Noticed an entropy weaver
 18536 | Gauntlet | Noticed a balrug
 18549 | Gauntlet | Killed a balrug
 18558 | Gauntlet | Found a transporter.
 18565 | Gauntlet | Found a transporter.
 18608 | Gauntlet | Found a transporter.
 18681 | Gauntlet | Identified the +7 chain mail of the Butterfly {*Contam
                  | +Blink rElec}
 18695 | Gauntlet | Reached skill level 13 in Polearms
 18822 | Lair:4   | Reached skill level 1 in Evocations
 19480 | Lair:5   | Noticed Urug
 19498 | Lair:5   | Killed Urug
 19630 | Lair:5   | Noticed Sonja
 19632 | Lair:5   | Killed Sonja
 19690 | Lair:5   | Found a staircase to the Slime Pits.
 20071 | Lair:6   | Entered Level 6 of the Lair of Beasts
 20292 | Lair:6   | Received a gift from Trog
 20953 | Lair:6   | Gained mutation: Your magical and physical power is
                  | slightly enhanced at high health. [demonic ancestry]
 20953 | Lair:6   | Reached XP level 15. HP: 117/117 MP: 17/17
 21090 | Lair:6   | Got a vibrating lapis lazuli ring
 21092 | Lair:6   | Identified the ring of Lekhleti {*Tele rElec rN+ Dex+2}
                  | (You found it on level 6 of the Lair of Beasts)
 21406 | D:13     | Reached skill level 10 in Armour
 21477 | D:13     | Reached skill level 10 in Dodging
 21596 | D:13     | Found a gate to the Vaults.
 21611 | D:13     | Reached skill level 5 in Evocations
 21781 | D:13     | Got an encrusted buckler
 21792 | D:13     | Identified the +2 buckler of Repulsion {+Blink} (You found
                  | it on level 13 of the Dungeon)
 21953 | D:13     | Received a gift from Trog
 22362 | D:14     | Reached skill level 14 in Polearms
 23052 | D:15     | Entered Level 15 of the Dungeon
 23071 | D:15     | Received a gift from Trog
 23127 | D:15     | Found Jaew Hos's Magic Scroll Boutique.
 23138 | D:15     | Bought a scroll of identify for 28 gold pieces
 23198 | D:15     | Reached XP level 16. HP: 126/126 MP: 20/20
 23297 | D:15     | Found a snail-covered altar of Cheibriados.
 23501 | D:15     | Found a shattered altar of Ashenzari.
 23720 | D:15     | Found a staircase to the Depths.
 23857 | D:15     | Received a gift from Trog
 24107 | Snake:1  | Entered Level 1 of the Snake Pit
 24237 | Snake:1  | You fall through a shaft!
 24344 | Snake:2  | Found Tuizaist's Armour Shoppe.
 24346 | Snake:2  | Found Kogiklumao's Assorted Antiques.
 24395 | Snake:2  | Bought a scroll of identify for 78 gold pieces
 24395 | Snake:2  | Bought a scroll of identify for 78 gold pieces
 24395 | Snake:2  | Bought a scroll of teleportation for 117 gold pieces
 24395 | Snake:2  | Bought a scroll of teleportation for 117 gold pieces
 24513 | Snake:2  | Reached skill level 15 in Polearms
 25446 | Snake:1  | Received a gift from Trog
 25778 | Snake:3  | Gained mutation: You are completely covered in iridescent
                  | scales. (AC +6) [demonic ancestry]
 25778 | Snake:3  | Reached XP level 17. HP: 93/135 MP: 16/21
 25832 | Snake:3  | Found Nagedeho's Weapon Emporium.
 26285 | Snake:3  | Identified the Reference Book on Mutagenic Attacks
 26356 | Snake:3  | Received a gift from Trog
 26435 | Snake:3  | Got a pair of ichor-stained boots
 26447 | Snake:3  | Identified the +1 pair of boots "Joodal" {rElec Regen+
                  | Int+4 Stlth+} (You found it on level 3 of the Snake Pit)
 26689 | Snake:4  | Entered Level 4 of the Snake Pit
 26689 | Snake:4  | Found Qerch's Magic Scroll Boutique.
 26689 | Snake:4  | Noticed Nikola
 26700 | Snake:4  | Killed Nikola
 26723 | Snake:4  | Bought a scroll of blinking for 120 gold pieces
 26723 | Snake:4  | Bought a scroll of fear for 56 gold pieces
 26723 | Snake:4  | Bought a scroll of blinking for 120 gold pieces
 26723 | Snake:4  | Bought a scroll of identify for 32 gold pieces
 26723 | Snake:4  | Bought a scroll of identify for 32 gold pieces
 26723 | Snake:4  | Bought a scroll of identify for 32 gold pieces
 26723 | Snake:4  | Bought a scroll of fear for 56 gold pieces
 26774 | Snake:4  | Reached skill level 16 in Polearms
 27034 | Snake:4  | Received a gift from Trog
 27130 | Snake:4  | Got a serpentine rune of Zot
 27401 | Snake:4  | Found Jaogunolel's General Store.
 27416 | Snake:4  | Bought a potion of mutation for 120 gold pieces
 27438 | Snake:4  | Found Gesachel's Weapon Shop.
 27439 | Snake:4  | Noticed Agnes
 27450 | Snake:4  | Killed Agnes
 27529 | Snake:4  | Found Woxyc's Assorted Antiques.
 27921 | Shoals:1 | Entered Level 1 of the Shoals
 28008 | Shoals:1 | Reached XP level 18. HP: 126/143 MP: 22/22
 28730 | Shoals:2 | Noticed Frances
 28739 | Shoals:2 | Killed Frances
 28858 | Shoals:3 | Received a gift from Trog
 29127 | Shoals:3 | Found Gosijaz's Assorted Antiques.
 29156 | Shoals:3 | Bought an encrusted cloak for 294 gold pieces
 29158 | Shoals:3 | Identified the cursed +0 cloak of Exclusion {rElec} (You
                  | bought it in a shop on level 3 of the Shoals)
 29297 | Shoals:4 | Entered Level 4 of the Shoals
 29371 | Shoals:4 | Received a gift from Trog
 29377 | Shoals:4 | Reached skill level 17 in Polearms
 29611 | Shoals:4 | Got a barnacled rune of Zot
 30584 | Vaults:1 | Entered Level 1 of the Vaults
 30605 | Vaults:1 | Paralysed by an ogre mage for 6 turns
 30648 | Vaults:1 | Received a gift from Trog
 30696 | Vaults:1 | Found Oxkohes's Book Shoppe.
 30896 | Vaults:1 | Reached XP level 19. HP: 143/152 MP: 21/23
 30991 | Vaults:1 | Reached skill level 15 in Shields
 31353 | Vaults:1 | Reached skill level 18 in Polearms
 31996 | Vaults:2 | Noticed Xtahua
 31996 | Vaults:2 | Paralysed by Xtahua for 4 turns
 32007 | Vaults:2 | Killed Xtahua
 32504 | Vaults:2 | Found a staircase to the Crypt.
 32600 | Vaults:2 | Received a gift from Trog
 33321 | Vaults:3 | Received a gift from Trog
 33326 | Vaults:3 | Reached skill level 15 in Fighting
 33414 | Vaults:3 | Gained mutation: Your magical and physical power is
                  | enhanced at high health. [demonic ancestry]
 33414 | Vaults:3 | Reached XP level 20. HP: 134/162 MP: 22/24
 33699 | Vaults:3 | Found a portal to a secret trove of treasure.
 34050 | Vaults:3 | Reached skill level 19 in Polearms
 34467 | Vaults:4 | Received a gift from Trog
 34971 | Vaults:4 | Found Fenycsyw's Distillery.
 34979 | Vaults:4 | Bought a potion of berserk rage for 90 gold pieces
 34979 | Vaults:4 | Bought 2 potions of resistance for 360 gold pieces
 34979 | Vaults:4 | Bought a potion of might for 72 gold pieces
 34979 | Vaults:4 | Bought a potion of agility for 72 gold pieces
 35624 | Vaults:5 | Entered Level 5 of the Vaults
 35639 | Vaults:5 | Received a gift from Trog
 36031 | Vaults:5 | Gained mutation: A demonic guardian rushes to your aid.
                  | [demonic ancestry]
 36031 | Vaults:5 | Reached XP level 21. HP: 166/170 MP: 23/25
 36070 | Vaults:5 | Identified the +6 flail of Evolution {drain, Str+7}
 36115 | Vaults:5 | Reached skill level 20 in Polearms
 36132 | Vaults:5 | Got a silver rune of Zot
 36179 | Vaults:5 | Noticed an ancient lich
 36186 | Vaults:5 | Killed an ancient lich
 36192 | Vaults:5 | Reached skill level 15 in Armour
 36193 | Vaults:5 | Noticed a golden dragon
 36200 | Vaults:5 | Killed from afar by a titan

Skill      XL: |  1  2  3  4  5  6  7  8  9 10 11 12 13 14 15 16 17 18 19 20 21 |
---------------+----------------------------------------------------------------+-----
Armour         | 2 3 4 5 6 7 8 9 10 11 12 13 14 15 | 15.0
Polearms       | 3 4 5 6 7 9 10 11 12 13 14 15 16 17 18 19 20 | 20.2
Dodging        | 2 3 4 5 6 7 8 9 10 11 12 | 12.1
Fighting       | 4 5 6 7 8 9 10 11 12 13 14 15 16 | 16.3
Shields        | 1 2 4 6 8 9 10 11 12 13 14 15 16 | 16.6
Evocations     | 3 6 |  6.0

Action                   |  1- 3 |  4- 6 |  7- 9 | 10-12 | 13-15 | 16-18 | 19-21 || total
-------------------------+-------+-------+-------+-------+-------+-------+-------++-------
Melee: Spear             |   126 |   160 |       |       |       |       |       ||   286
       Headbutt          |     9 |    37 |    49 |   196 |   349 |   190 |   203 ||  1033
       Trident           |       |    23 |   291 |   881 |   686 |       |       ||  1881
       Demon trident     |       |       |       |       |   581 |  1325 |   909 ||  2815
Throw: Throwing net      |       |     1 |       |     1 |     1 |     1 |       ||     4
       Tomahawk          |       |       |       |    24 |       |       |       ||    24
Invok: Berserk           |     1 |     6 |    15 |    19 |    21 |    10 |     9 ||    81
       Brothers in Arms  |       |       |       |       |       |     1 |       ||     1
 Abil: Evoke Blink       |       |       |       |       |       |       |     2 ||     2
Evoke: Wand              |       |       |       |     6 |    19 |    46 |    10 ||    81
       Lightning rod     |       |       |       |     4 |       |     1 |       ||     5
       Sack of spiders   |       |       |       |       |       |     3 |     1 ||     4
  Use: Scroll            |     4 |     4 |     4 |     7 |    16 |     7 |    13 ||    55
       Potion            |       |     1 |     2 |     7 |       |     5 |     5 ||    20
 Stab: Sleeping          |       |     1 |     3 |       |       |       |       ||     4
       Distracted        |       |       |     1 |     3 |     3 |     7 |     7 ||    21
       Held in net/web   |       |       |     1 |       |     2 |     1 |       ||     4
       Invisible         |       |       |       |     7 |       |       |       ||     7
       Petrifying        |       |       |       |       |     1 |       |       ||     1
       Paralysed         |       |       |       |       |     1 |       |       ||     1
  Eat: Chunk             |     3 |     3 |    12 |    16 |    29 |    20 |    12 ||    95
       Ration            |       |     2 |     5 |     7 |     6 |     5 |     4 ||    29
Armor: Animal skin       |    14 |    38 |    13 |       |       |       |       ||    65
       Leather armour    |       |       |    15 |    39 |       |       |       ||    54
       Ice dragon scales |       |       |       |   191 |   135 |       |       ||   326
       Chain mail        |       |       |       |       |   136 |   328 |   207 ||   671
Dodge: Dodged            |    41 |    99 |    74 |   276 |   296 |   353 |   176 ||  1315
Block: Shield            |       |     9 |   113 |   444 |   601 |   803 |   594 ||  2564
       Reflection        |       |       |       |       |       |    53 |    97 ||   150
